 Dungeon Crawl Stone Soup version 0.29-a0-870-g2c972031a6 (webtiles) character file.

Game seed: 3340504576064263890

4949 Monkooky the Gusty (level 10, -8/71 HPs)
             Began as a Barachi Artificer on July 16, 2022.
             Was a Priest of Sif Muna.
             Mangled by a shadow (28 damage)
             ... on level 9 of the Dungeon on July 17, 2022.
             The game lasted 00:38:04 (13685 turns).

Monkooky the Gusty (Barachi Artificer)             Turns: 13685, Time: 00:38:05

Health: -8/71      AC: 11    Str: 13    XL:     10   Next: 52%
Magic:  4/14       EV: 13    Int: 20    God:    Sif Muna [***...]
Gold:   227        SH:  0    Dex: 12    Spells: 2/15 levels left

rFire   . . .      SeeInvis .   I - +2 short sword (elec)
rCold   . . .      Faith    .   (no shield)
rNeg    . . .      Spirit   .   L - +2 robe {Archmagi}
rPois   +          Reflect  .   p - +2 helmet {Int+3}
rElec   .          Harm     .   N - +0 cloak
rCorr   +          Rampage  .   C - +2 pair of gloves
Will    .....      Archmagi +   (no boots)
Stlth   +.........              (no amulet)
HPRegen 0.21/turn               v - ring of resist corrosion
MPRegen 0.14/turn               x - ring of poison resistance

@: unable to hop, slow
A: amphibious, slowness 1, strong legs 1, +LOS
a: Hop, Renounce Religion, Channel Magic, Forget Spell


You were on level 9 of the Dungeon.
You worshipped Sif Muna.
Sif Muna was most pleased with you.
You visited 1 branch of the dungeon, and saw 9 of its levels.

You collected 570 gold pieces.
You spent 343 gold pieces at shops.

Inventory:

Hand Weapons
 a - a +0 club
 g - a +0 dagger
 k - a +0 short sword
 m - a +3 dagger
 F - a +2 short sword of distortion
 H - a +0 rapier of venom
 I - a +2 short sword of electrocution (weapon)
 Q - a +3 battleaxe
Missiles
 u - 22 poisoned darts (quivered)
 O - 2 throwing nets
Armour
 b - a +0 leather armour
 p - a +2 helmet of intelligence (worn)
 C - a +2 pair of gloves (worn)
 E - the +1 leather armour "Nionekod" {+Blink rPois Will++ SInv}
   (You bought it in a shop on level 2 of the Dungeon)

   rPois:     It protects you from poison.
   SInv:      It lets you see invisible.
   +Blink:    It lets you blink.
   Will:      It greatly increases your willpower.
 L - a +2 robe of the Archmagi (worn)
 N - a +0 cloak (worn)
Magical Staves
 z - a staff of death
Jewellery
 o - a ring of positive energy
 v - a ring of resist corrosion (left hand)
 x - a ring of poison resistance (right hand)
 D - a ring of fire
Wands
 c - a wand of flame (1)
 d - a wand of charming (15)
 e - a wand of iceblast (5)
 G - a wand of roots (7)
 K - a wand of digging (4)
Scrolls
 f - 3 scrolls of identify
 h - 4 scrolls of fog
 l - 3 scrolls of magic mapping {unknown}
 r - a scroll of summoning
 w - 2 scrolls of immolation
 y - a scroll of amnesia {unknown}
 B - 2 scrolls of teleportation {unknown}
 J - a scroll of enchant weapon {unknown}
 P - 2 scrolls of vulnerability {unknown}
Potions
 i - 2 potions of berserk rage
 j - 2 potions of attraction {unknown}
 n - a potion of degeneration {unknown}
 q - a potion of heal wounds {unknown}
 s - 2 potions of flight {unknown}
 t - 3 potions of curing {unknown}
 A - a potion of lignification {unknown}
 M - a potion of haste {unknown}


   Skills:
 - Level 4.0 Fighting
 - Level 4.1 Short Blades
 - Level 4.3 Armour
 - Level 3.4 Dodging
 - Level 0.9 Stealth
 - Level 3.3 Spellcasting
 + Level 5.0 Conjurations
 - Level 2.3 Translocations
 - Level 3.3 Transmutations
 - Level 2.7 Fire Magic
 + Level 4.5 Ice Magic
 + Level 7.8 Air Magic
 - Level 7.0 Poison Magic
 - Level 5.1 Evocations


You had 2 spell levels left.
You knew the following spells:

 Your Spells              Type           Power      Damage    Failure   Level
a - Mephitic Cloud        Conj/Pois/Air  44%        N/A       2%          3
b - Ignite Poison         Fire/Tmut/Pois 31%        N/A       7%          3
c - Blink                 Tloc           38%        N/A       8%          2
d - Freezing Cloud        Conj/Ice/Air   19%        6-21      34%         5

Your spell library contained the following spells:

 Spells                   Type           Power      Damage    Failure   Level
 Magic Dart               Conj           100%       1d8       1%          1
 Call Imp                 Summ           4%         N/A       22%         2
 Conjure Flame            Conj/Fire      28%        6-21      9%          3
 Gell's Gravitas          Tloc           19%        N/A       16%         3
 Lesser Beckoning         Tloc           19%        N/A       16%         3
 Teleport Other           Tloc           19%        N/A       16%         3
 Sticky Flame             Conj/Fire      28%        2d5       28%         4
 Anguish                  Hex/Necr       2%         N/A       80%         4
 Manifold Assault         Tloc           19%        N/A       82%         5
 Enfeeble                 Hex            2%         N/A       100%        7
 Storm Form               Tmut/Air       19%        N/A       100%        7


Dungeon Overview and Level Annotations

Branches:
Dungeon (9/15)             Temple (0/1) D:6
   Lair: D:8-11         Orc: D:9-12

Altars:
Ashenzari
Dithmenos
Fedhas
Kikubaaqudgha
Makhleb
Nemelex Xobeh
Okawaru
Qazlal
Sif Muna
Trog
Wu Jian
Yredelemnul
The Shining One

Shops:
D:2 [   D:4 *   D:9 (

Annotations:
D:5 1 runed translucent door, SirDiesAlot's ghost, amateur DgGl
D:6 exclusion: downstairs


Innate Abilities, Weirdness & Mutations

You are amphibious.
You cover ground slowly.
You can hop short distances.
You have an extended range of vision and can be seen from far away.


Message History

The shadow flickers and vanishes!
Deactivating autopickup; reactivate with Ctrl-A.
The bullfrog hits you. The wight hits you but does no damage.
The shadow strikes at you from the darkness!
Reactivating autopickup.
The bullfrog hits you. The wight hits you but does no damage.
The bullfrog hits you but does no damage.
The shadow slips into darkness.
The shadow flickers and vanishes!
Deactivating autopickup; reactivate with Ctrl-A.
The bullfrog hits you but does no damage.
The wight hits you with a +0 scimitar!
* * * LOW HITPOINT WARNING * * *
You turn to flesh and can move again.
Hop to where?
Press: ? - help, Dir - move target Boing!
Unknown command.
Aiming: Iceblast
Press: ? - help, Shift-Dir - straight line The mass of ice explodes!
The iceblast engulfs the wight!
The wight partially resists.
The wight is almost destroyed.
The iceblast engulfs the bullfrog!
The bullfrog is moderately wounded.
The iceblast engulfs something!
You hear an angry hiss.
Unknown command.
Casting: Mephitic Cloud (mildly dangerous; 2% risk of failure)
Confirm with . or Enter, or press ? or * to list all spells.
Aiming: Mephitic Cloud (mildly dangerous; 2% risk of failure)
Press: ? - help, Shift-Dir - straight line You feel a surge of power!
The ball explodes into a vile cloud!
The stinking cloud engulfs something but does no damage.
The stinking cloud engulfs you but does no damage.
The stinking cloud engulfs the bullfrog but does no damage.
The bullfrog is moderately wounded.
The bullfrog barely misses you.
The shadow strikes at you from the darkness!
You die...

#.........###...
#..............
#######'##....#
.....'.)..#
#...o####
#..○....#
#....z..#
#....○F§# ..
#....§§@#
.........#....§.§#
######
.........#######.#
#.....
#.......##....#.#
#.....
#.......##....'.#
#.....
#.............#.#
######..<..
#.............#.#
#....#.....
#.............#.#
# #....#....)
#.............#.#
#.#....#.###.


You could see an orc warrior, a bullfrog and a wight.

Vanquished Creatures
  A manticore (D:8)
  A shadow (D:9)
  A wyvern (D:8)
  A yak (D:9)
  A basilisk (D:9)
  A steam dragon (D:9)
  3 water moccasins
  Duvessa (D:5)
  2 orc warriors
  A sky beast (D:7)
  An ice beast (D:6)
  A black bear (D:5)
  An ogre (D:7)
  A phantom (D:6)
  Blork the orc (D:6)
  2 kobold brigands
  4 necrophages
  A bullfrog (D:7)
  Dowan (D:5)
  11 wights
  4 killer bees (D:9)
  6 howler monkeys
  The ghost of ytrimaz the Caller, a weakling OpSu (D:3)
  6 orc priests
  2 hounds
  3 gnoll boudas
  4 jellies
  2 iguanas (D:5)
  9 orc wizards
  12 adders
  22 gnolls
  3 shadow imps (D:7)
  A white imp (D:7)
  2 worms
  3 dart slugs
  24 orcs
  6 endoplasms
  3 giant cockroaches
  8 goblins
  7 hobgoblins
  2 jackals (D:2)
  A quokka (D:4)
  8 ball pythons
  6 bats
  A frilled lizard (D:3)
  29 kobolds
  5 rats
217 creatures vanquished.

Vanquished Creatures (others)
  A gnoll bouda (D:5)
  4 fungi
  3 plants
  5 toadstools (D:2)
13 creatures vanquished.

Grand Total: 230 creatures vanquished

Notes
Turn   | Place    | Note
-------+----------+-------------------------------------------
     0 | D:1      | Monkooky the Barachi Artificer began the quest for the Orb.
     0 | D:1      | Reached XP level 1. HP: 15/15 MP: 1/1
   577 | D:1      | Reached XP level 2. HP: 13/21 MP: 2/2
  1325 | D:1      | Reached skill level 1 in Spellcasting
  1598 | D:1      | Reached XP level 3. HP: 22/27 MP: 4/4
  1602 | D:1      | Learned a level 3 spell: Mephitic Cloud
  2122 | D:2      | Found Tosieh's Antique Armour Boutique.
  2745 | D:2      | Reached skill level 1 in Conjurations
  2745 | D:2      | Reached skill level 1 in Poison Magic
  3259 | D:2      | Reached skill level 1 in Air Magic
  3259 | D:2      | Reached XP level 4. HP: 12/33 MP: 5/5
  4041 | D:3      | Found a runed translucent gate.
  4042 | D:3      | Found a runed translucent gate.
  4042 | D:3      | Noticed ytrimaz's ghost (weakling OpSu)
  4045 | D:3      | Noticed a kobold brigand
  4045 | D:3      | Found a runed translucent gate.
  4359 | D:2      | Bought a runed helmet for 165 gold pieces
  4456 | D:3      | Reached XP level 5. HP: 38/38 MP: 6/6
  4667 | D:3      | Found a faded altar of an unknown god.
  4929 | D:3      | Found a shimmering blue altar of Sif Muna.
  5090 | D:3      | Became a worshipper of Sif Muna the Loreminder
  5178 | D:4      | Learned a level 3 spell: Ignite Poison
  5843 | D:4      | Found Inaraj's General Store.
  5846 | D:4      | Bought a scroll of identify for 24 gold pieces
  5937 | D:4      | Found a broken altar of Ashenzari.
  5943 | D:4      | Saw a vision of the Swamp and the Spider Nest.
  5943 | D:4      | Noticed a wolf spider
  5943 | D:4      | Noticed a wolf spider
  5943 | D:4      | Noticed a redback
  5943 | D:4      | Noticed a redback
  5943 | D:4      | Noticed a redback
  5943 | D:4      | Noticed a wolf spider
  5943 | D:4      | Noticed a vampire mosquito
  5943 | D:4      | Noticed a vampire mosquito
  5943 | D:4      | Noticed a vampire mosquito
  5943 | D:4      | Noticed a vampire mosquito
  5943 | D:4      | Noticed a vampire mosquito
  5943 | D:4      | Noticed a goliath frog
  5943 | D:4      | Noticed a will-o-the-wisp
  6004 | D:5      | Entered Level 5 of the Dungeon
  6004 | D:5      | Noticed a black bear
  6014 | D:5      | Killed a black bear
  6015 | D:5      | Reached XP level 6. HP: 36/44 MP: 1/7
  6401 | D:5      | Noticed Dowan
  6438 | D:5      | Found a runed translucent door.
  6458 | D:5      | Reached XP level 7. HP: 30/49 MP: 3/8
  6509 | D:5      | Noticed SirDiesAlot's ghost (amateur DgGl)
  6978 | D:5      | Found a glowing golden altar of the Shining One.
  7115 | D:5      | Learned a level 2 spell: Blink
  7141 | D:5      | Reached * piety under Sif Muna
  7169 | D:5      | Reached skill level 1 in Translocations
  7381 | D:5      | Noticed Duvessa
  7409 | D:5      | Killed Duvessa
  7411 | D:5      | Killed Dowan
  7412 | D:5      | Reached skill level 5 in Poison Magic
  7738 | D:5      | Found an ornate altar of the Wu Jian Council.
  7741 | D:5      | Found an iron altar of Okawaru.
  7744 | D:5      | Found a bloodstained altar of Trog.
  7803 | D:5      | Reached XP level 8. HP: 56/56 MP: 9/9
  7921 | D:6      | Found a shadowy altar of Dithmenos.
  7944 | D:6      | Reached skill level 1 in Transmutations
  8016 | D:6      | Found a sparkling altar of Nemelex Xobeh.
  8146 | D:6      | Found a staircase to the Ecumenical Temple.
  8315 | D:2      | Bought a brightly glowing leather armour for 154 gold
                  | pieces
  8315 | D:2      | Identified the +1 leather armour "Nionekod" {+Blink rPois
                  | Will++ SInv} (You bought it in a shop on level 2 of the
                  | Dungeon)
  8428 | D:3      | Killed ytrimaz's ghost
  8630 | D:6      | Noticed Blork the orc
  8643 | D:6      | Killed Blork the orc
  8644 | D:6      | Reached skill level 1 in Short Blades
  9214 | D:6      | Reached skill level 1 in Fire Magic
  9481 | D:7      | Found a burning altar of Makhleb.
  9496 | D:6      | Reached XP level 9. HP: 61/61 MP: 10/10
  9537 | D:7      | Reached ** piety under Sif Muna
  9583 | D:7      | Reached skill level 5 in Air Magic
  9851 | D:7      | Reached skill level 5 in Evocations
 10292 | D:7      | Upgraded the game from 0.29-a0-857-g9b1aa3ac5b to
                  | 0.29-a0-870-g2c972031a6
 11221 | D:8      | Reached *** piety under Sif Muna
 12030 | D:8      | Noticed a manticore
 12046 | D:8      | Killed a manticore
 12047 | D:8      | Reached XP level 10. HP: 71/71 MP: 7/14
 12053 | D:8      | Learned a level 5 spell: Freezing Cloud
 12152 | D:8      | Reached skill level 1 in Ice Magic
 12279 | D:8      | Found a blossoming altar of Fedhas.
 12279 | D:8      | Found an ancient bone altar of Kikubaaqudgha.
 12317 | D:8      | Found a basalt altar of Yredelemnul.
 13426 | D:9      | Found Yddup's Weapon Emporium.
 13639 | D:9      | Found a stormy altar of Qazlal.
 13676 | D:9      | Reached skill level 5 in Conjurations
 13685 | D:9      | Mangled by a shadow

Illustrated notes

Levels and vault maps discovered:
D:1:      dpeg_arrival_boxorama, layout_basic
D:2:      layout_basic, serial_shops, shop_fountains, minmay_gold_behind_fungi,
          hex_intersection, minmay_misc_feat_pillars
D:3:      layout_loops_ring, lemuel_blue_sif_altar,
          shapermc_ecumenical_altar_mp_highgroup, gammafunk_ghost_nasty_kobolds
D:4:      layout_rooms, grunt_ashenzari_visionary
          [grunt_ashenzari_visionary_swamp, grunt_ashenzari_visionary_spider],
          serial_curves, eino_curves_04, eino_curves_02, serial_shops,
          kennysheep_mini
D:5:      layout_basic, nicolae_tso_carved_into_rock,
          grunt_temple_overflow_diamond, ebering_ghost_reflecting_pool,
          uniq_duvessa
D:6:      layout_loops_ring, lemuel_doored_altar, grunt_dithmenos_smoke,
          minmay_temple_entry_glassed_door, kennysheep_generic_room_4,
          uniq_blork_the_orc
D:7:      layout_cave_pods, bloody_makhleb, lightli_corner_chamber
D:8:      layout_cave_pods, grunt_temple_overflow_growth_and_decay,
          mainiacjoe_overflow_small_starburst
D:9:      layout_stronghold, mainiacjoe_overflow_alcove_2,
          nicolae_qazlal_style_of_elements, david_lair_generic, serial_shops,
          nicolae_shop_waterfront

Skill      XL: |  1  2  3  4  5  6  7  8  9 10 |
---------------+-------------------------------+-----
Evocations     | 4 5 |  5.1
Spellcasting   | 1 3 |  3.3
Conjurations   | 1 2 3 5 |  5.0
Poison Magic   | 1 2 4 5 7 |  7.0
Air Magic      | 1 2 3 4 7 |  7.8
Translocations | 2 |  2.3
Transmutations | 3 |  3.3
Short Blades   | 4 |  4.1
Fire Magic     | 2 |  2.7
Fighting       | 4 |  4.0
Armour         | 4 |  4.3
Dodging        | 3 |  3.4
Ice Magic      | 4 |  4.5
Stealth        | |  0.9

Action                   |  1- 3 |  4- 6 |  7- 9 | 10-12 || total
-------------------------+-------+-------+-------+-------++-------
Melee: Dagger            |    85 |   182 |   159 |       ||   426
       Short sword       |    56 |       |   191 |    76 ||   323
       Club              |     3 |       |       |       ||     3
       Punch             |     1 |     2 |     6 |     1 ||    10
       Rapier            |       |       |    61 |       ||    61
Throw: Dart              |       |       |     7 |     6 ||    13
 Cast: Mephitic Cloud    |       |     2 |    27 |    13 ||    42
       Ignite Poison     |       |       |    19 |    13 ||    32
       Blink             |       |       |       |     1 ||     1
Invok: Channel Magic     |       |       |     1 |       ||     1
 Abil: Hop               |     1 |     1 |     3 |     4 ||     9
       Evoke Blink       |       |       |     1 |       ||     1
Evoke: Wand              |     3 |    10 |     4 |     1 ||    18
  Use: Scroll            |       |     5 |     2 |       ||     7
       Potion            |       |       |     1 |       ||     1
 Stab: Sleeping          |     2 |       |     1 |       ||     3
       Confused          |       |       |     9 |     1 ||    10
Armor: Leather armour    |    40 |    78 |   145 |       ||   263
       Robe              |       |       |    74 |    40 ||   114
Dodge: Dodged            |    86 |   102 |   235 |    54 ||   477

Table legend: (Time is in decaauts)
 A = Elapsed time spent in this place.
 B = Non-inter-level travel time spent in this place.
 C = Inter-level travel time spent in this place.
 D = Time resting spent in this place.
 E = Time spent auto-exploring this place.
 F = Levels seen in this place.
 G = Mean time per level.
                   A        B        C        D        E       F      G
               +--------+--------+--------+--------+--------+-----+--------+
         Total |  14948 |  13861 |   1087 |   2363 |   9420 |   9 | 1660.9 |
       Dungeon |  14948 |  13861 |   1087 |   2363 |   9420 |   9 | 1660.9 |
               +--------+--------+--------+--------+--------+-----+--------+

Top non-repeatable levels by time:
     D:1: 2326 daAuts
     D:2: 2094 daAuts
     D:5: 1967 daAuts
     D:7: 1954 daAuts
     D:8: 1838 daAuts
     D:3: 1574 daAuts
     D:6: 1453 daAuts
     D:4: 1227 daAuts
     D:9: 514 daAuts
